 Dungeon Crawl Stone Soup version 0.17-a0-1046-ga09e34d (webtiles) character file.

439 namelastname112 the Bolt Thrower (level 6, 0/52 HPs)
             Began as a Draconian Arcane Marksman on May 15, 2015.
             Was a Follower of Trog.
             Succumbed to a worker ant's poison
             ... on level 4 of the Dungeon.
             The game lasted 00:09:57 (4185 turns).

namelastname112 the Bolt Thrower (DrAM)             Turns: 4185, Time: 00:09:58

Health: 0/52       AC:  6    Str: 12 (13) XL:     6   Next: 70%
Magic:  16/16      EV: 13    Int: 13      God:    Trog [*.....]
Gold:   104        SH:  0    Dex: 13      Spells: 1 memorised, 6 levels left

rFire  . . .     SeeInvis .     a - +0 hand crossbow
rCold  . . .     Clarity  .     (armour unavailable)
rNeg   . . .     SustAb   .     (no shield)
rPois  .         Gourm    .     (helmet restricted)
rElec  .         Spirit   .     (no cloak)
rCorr  .         Warding  .     (no gloves)
rMut   .         Stasis   .     (no boots)
MR     .....                    (no amulet)
Stlth  +.........               (no ring)
                                l - ring of magical power

@: lethally poisoned (0 -> -19), not resistant to hostile enchantments, very
unstealthy
A: unfitting armour, cold-blooded, AC +6
a: Burn Spellbooks, Berserk, Renounce Religion


You were on level 4 of the Dungeon.
You worshipped Trog.
Trog was aware of your devotion.
You were hungry.

You visited 2 branches of the dungeon, and saw 5 of its levels.

You collected 104 gold pieces.

Inventory:

Hand weapons
 a - a +0 hand crossbow (weapon)
 b - a +0 dagger
Missiles
 e - 21 bolts (quivered)
 h - 2 javelins
Jewellery
 f - a +4 ring of intelligence
 l - a ring of magical power (left hand)
Scrolls
 i - a scroll of remove curse
 j - 3 scrolls of identify
 n - a scroll of teleportation
Potions
 k - a potion of lignification {unknown}
 m - 2 potions of resistance
 p - a potion of magic
 q - a potion of flight
 t - a potion of agility {unknown}
Comestibles
 d - 5 bread rations
 g - 4 meat rations


   Skills:
 + Level 3.8 Fighting
 * Level 4.6 Crossbows
 + Level 3.7 Dodging
 - Level 1.0 Spellcasting
 - Level 2.6 Hexes


You had 6 spell levels left.
You knew the following spells:

 Your Spells              Type           Power        Failure   Level  Hunger
a - Corona                Hex            #......      12%         1    ##.....


Dungeon Overview and Level Annotations

Branches:
Dungeon (4/15)             Temple (1/1) D:4

Altars:
Ashenzari
Cheibriados
Elyvilon
Gozag
Makhleb
Nemelex Xobeh
Okawaru
Qazlal
Sif Muna
Trog
Vehumet
Yredelemnul
Zin
The Shining One

Annotations:
D:4 Sigmund


Innate Abilities, Weirdness & Mutations

Your plain brown scales are hard (AC +6).
Your body does not fit into most forms of armour.
You are cold-blooded and may be slowed by cold attacks.


Message History

* * * LOW HITPOINT WARNING * * *
You are more poisoned.
The worker ant poisons you!
Firing (i - inventory. (,) - cycle):
e - 22 bolts (quivered)
Press: ? - help, Shift-Dir - straight line, f/p - worker ant
Aim: a worker ant (severely wounded)
You shoot a bolt.
The bolt hits the worker ant but does no damage.
The worker ant is severely wounded.
* * * LOW HITPOINT WARNING * * *
You feel sick.
The worker ant waves its antennae.
The worker ant misses you. The worker ant bites you.
* * * LOW HITPOINT WARNING * * *
A hobgoblin comes into view. It is wielding a club.
Drink which item? (? for menu, Esc to quit)
It was a potion of degeneration.
There was something very wrong with that liquid.
You feel weakened.
You die...

*,,,,,,,,,***##########
*,_,,...*** *,,,*#..*
*****#..* ###### *,*#.#*
#..... #,*#.# #.###.
#.##.###########.# #.
#.............##.# #.
##.#@#.#......>..# #.
###.#a#.#.####.#### #.
#....l.l#.#**#....# ##
#.#.#.......###...####
*,#.#.#.#.###≈≈...≈≈#.
*******,#,....#.###≈..♣..≈##
*,,,,,,,,<........).........
*,*****,..g....##...♣._.♣...
*,* **,.........#...........


You could see a worker ant, a hobgoblin (wandering) and a giant newt.

Vanquished Creatures
  An ogre (D:4)
  A crimson imp (D:3)
  2 hounds (D:4)
  An orc wizard (D:3)
  2 worker ants
  7 adders
  2 oozes
  4 worms
  2 giant geckos
  12 orcs
  2 ball pythons
  7 bats
  5 giant cockroaches
  8 hobgoblins
  4 jackals (D:3)
  7 giant newts
  7 goblins
  A jackal skeleton (D:4)
  5 kobolds
  9 rats
89 creatures vanquished.

Vanquished Creatures (others)
  A quokka (D:4)
1 creature vanquished.

Grand Total: 90 creatures vanquished

Notes
Turn   | Place    | Note
--------------------------------------------------------------
     0 | D:1      | namelastname112 the Draconian Arcane Marksman began the quest for the Orb.
     0 | D:1      | Reached XP level 1. HP: 16/16 MP: 2/2
   350 | D:1      | Reached XP level 2. HP: 15/23 MP: 3/3
  1128 | D:2      | Reached XP level 3. HP: 13/29 MP: 4/4
  1387 | D:2      | Found a basalt altar of Yredelemnul.
  1614 | D:2      | Reached XP level 4. HP: 20/37 MP: 5/5
  1871 | D:2      | Reached skill level 3 in Crossbows
  2312 | D:3      | Reached XP level 5. HP: 34/45 MP: 6/6
  2968 | D:3      | Found a glowing silver altar of Zin.
  2968 | D:3      | Found a burning altar of Makhleb.
  2969 | D:3      | Found a snail-covered altar of Cheibriados.
  3283 | D:4      | Found a staircase to the Ecumenical Temple.
  3290 | Temple   | Entered the Ecumenical Temple
  3305 | Temple   | Became a worshipper of Trog the Wrathful
  3323 | D:4      | Noticed Sigmund
  3323 | D:4      | Noticed an ogre
  3486 | D:4      | Reached skill level 4 in Crossbows
  3498 | D:4      | Reached XP level 6. HP: 11/51 MP: 7/7
  3537 | D:4      | Found a glowing drain.
  3767 | D:4      | Acquired Trog's first power
  4016 | D:4      | Killed an ogre
  4116 | D:4      | Found a white marble altar of Elyvilon.
  4184 | D:4      | HP: 2/52 [worker ant (3)]
  4185 | D:4      | Succumbed to a worker ant's poison

Vault maps used:
D:1:      dpeg_arrival_houses_and_road
D:2:      yredelemnul_altar_generic, first_bread
D:3:      gammafunk_temple_overflow_claw
D:4:      grunt_temple_overflow_growth_and_decay, elyvilon_altar_4,
          minmay_temple_entry_hall, gup_sewer_entry_glass, serial_bayou_pond_e,
          uniq_sigmund
Temple:   circular_temple_12

Action                   |  1- 3 |  4- 6 || total
-------------------------+-------+-------++-------
Melee: Dagger            |   139 |   322 ||   461
       Unarmed           |     7 |       ||     7
 Fire: Hand crossbow     |    20 |    66 ||    86
Throw: Javelin           |       |    13 ||    13
Invok: Burn Spellbooks   |       |     1 ||     1
  Use: Scroll            |       |     8 ||     8
       Potion            |       |     6 ||     6
  Eat: Chunk             |     2 |     7 ||     9
       Pizza             |       |     1 ||     1
